[ AOE2 MATCH · #505654664 ]
UnrankedGoths vs Japanese
Player's team · WIN
Rival team · LOSS
[ REPLAY ANALYSIS · EXTRACTED FROM THE RECORDED GAME ]
Feudal
11:21
Castle
29:54
Imperial
43:08
| APM avg | 34.8 |
| APM peak | 64 |
| eAPM avg | 17.9 |
| Villagers / military | 105 / 117 |
Focus
⚔️ 32.3% · 🌾 67.7%
Militia ×73 · Archer ×20 · Knight ×18 · Trade Cart ×9 · Monk ×2 · Skirmisher ×2
Feudal
10:19
Castle
26:25
Imperial
—
| APM avg | 28.7 |
| APM peak | 51 |
| eAPM avg | 16.8 |
| Villagers / military | 111 / 77 |
Focus
⚔️ 23.5% · 🌾 76.5%
Militia ×38 · Skirmisher ×26 · Spearman ×13
Match map
Initial resources + every placement click. Lines = walls · curves = elevation contours. ◆ gold · ⬟ stone · ● berries · ✦ relic · ◌ wall gap
Your base· Open — unwalled flank
TahRibat's base· Open — unwalled flank
Smoothed initial terrain · ◌ = detected wall gap · hover for details
Inputs per minute
— Mister Piccolo - - TahRibat
Build order — Mister Piccolo
First 150 of 366 actions detected
| 0:01 | Queue | Villager (Male) ×4 |
| 0:03 | Build | House |
| 0:11 | Build | House |
| 1:49 | Queue | Villager (Male) |
| 1:49 | Queue | Villager (Male) |
| 1:57 | Build | Lumber Camp |
| 2:27 | Queue | Villager (Male) |
| 2:40 | Queue | Villager (Male) |
| 3:11 | Queue | Villager (Male) |
| 4:05 | Queue | Villager (Male) |
| 4:19 | Queue | Villager (Male) |
| 4:38 | Queue | Villager (Male) |
| 4:56 | Queue | Villager (Male) |
| 5:01 | Build | Barracks |
| 5:26 | Build | House |
| 5:30 | Queue | Villager (Male) |
| 6:05 | Queue | Militia |
| 6:05 | Queue | Militia |
| 6:15 | Queue | Villager (Male) |
| 6:47 | Queue | Villager (Male) |
| 6:48 | Queue | Militia |
| 6:49 | Queue | Militia |
| 7:06 | Queue | Villager (Male) |
| 7:09 | Queue | Militia |
| 7:45 | Queue | Militia |
| 7:57 | Build | House |
| 7:59 | Queue | Villager (Male) |
| 8:46 | Queue | Villager (Male) |
| 9:10 | Research | Feudal Age |
| 9:10 | Research | Feudal Age |
| 9:21 | Build | Mill |
| 9:35 | Build | Mining Camp |
| 9:45 | Queue | Militia |
| 9:51 | Research | Loom |
| 10:04 | Queue | Militia |
| 10:09 | Build | House |
| 11:21 | Age | Feudal Age |
| 11:23 | Research | Man-at-Arms (upgrade) |
| 11:28 | Build | Archery Range |
| 11:31 | Queue | Villager (Male) |
| 11:46 | Research | Loom |
| 11:48 | Queue | Villager (Male) |
| 12:04 | Queue | Villager (Male) |
| 12:07 | Build | Farm |
| 12:07 | Build | Farm |
| 12:21 | Queue | Militia |
| 12:24 | Queue | Villager (Male) |
| 12:40 | Queue | Skirmisher |
| 12:49 | Queue | Villager (Male) |
| 12:54 | Queue | Skirmisher |
| 13:05 | Queue | Villager (Male) |
| 13:27 | Queue | Archer |
| 13:29 | Queue | Militia |
| 13:29 | Queue | Spearman |
| 13:41 | Queue | Villager (Male) |
| 13:53 | Build | Market |
| 14:27 | Queue | Archer |
| 14:34 | Queue | Villager (Male) |
| 14:36 | Build | House |
| 14:47 | Build | House |
| 14:49 | Queue | Villager (Male) |
| 15:19 | Queue | Villager (Male) |
| 15:25 | Queue | Archer |
| 15:33 | Build | Blacksmith |
| 15:33 | Queue | Archer |
| 15:37 | Queue | Militia |
| 15:41 | Queue | Villager (Male) |
| 15:44 | Build | Farm |
| 15:44 | Build | Farm |
| 16:11 | Queue | Archer |
| 16:28 | Queue | Trade Cart |
| 16:35 | Build | Farm |
| 17:04 | Build | Lumber Camp |
| 17:07 | Build | Farm |
| 17:14 | Queue | Villager (Male) |
| 17:20 | Research | Fletching |
| 17:29 | Queue | Archer |
| 17:53 | Queue | Archer |
| 17:59 | Queue | Archer |
| 18:06 | Queue | Militia |
| 18:09 | Build | Farm |
| 18:12 | Build | Farm |
| 18:15 | Build | Farm |
| 18:34 | Queue | Militia |
| 18:36 | Queue | Villager (Male) |
| 19:15 | Queue | Archer |
| 19:16 | Queue | Militia |
| 19:19 | Queue | Villager (Male) |
| 19:27 | Build | House |
| 19:30 | Build | Farm |
| 19:30 | Build | Farm |
| 19:30 | Build | Farm |
| 19:40 | Build | House |
| 19:47 | Research | Forging |
| 20:05 | Queue | Villager (Male) |
| 20:18 | Queue | Archer |
| 20:18 | Queue | Militia |
| 20:34 | Queue | Archer |
| 20:35 | Queue | Militia |
| 20:37 | Build | House |
| 20:44 | Build | Farm |
| 20:46 | Build | Farm |
| 20:49 | Build | Farm |
| 20:50 | Queue | Villager (Male) |
| 20:54 | Queue | Trade Cart |
| 20:55 | Queue | Trade Cart |
| 21:06 | Queue | Villager (Male) |
| 21:12 | Queue | Archer |
| 21:19 | Queue | Militia |
| 21:21 | Queue | Villager (Male) |
| 21:43 | Queue | Archer |
| 21:44 | Queue | Militia |
| 21:57 | Queue | Villager (Male) |
| 21:58 | Queue | Archer |
| 22:06 | Build | Farm |
| 22:06 | Build | Farm |
| 22:06 | Build | Farm |
| 22:09 | Build | House |
| 22:13 | Build | House |
| 22:14 | Build | House |
| 22:17 | Build | Farm |
| 22:19 | Build | Farm |
| 22:31 | Queue | Militia |
| 22:41 | Build | Farm |
| 22:43 | Build | Farm |
| 22:45 | Queue | Villager (Male) |
| 23:05 | Queue | Archer |
| 23:06 | Queue | Militia |
| 23:09 | Build | Farm |
| 23:12 | Build | Farm |
| 23:14 | Queue | Villager (Male) |
| 23:15 | Research | Double-Bit Axe |
| 23:28 | Queue | Archer |
| 23:29 | Queue | Militia |
| 23:39 | Queue | Villager (Male) |
| 23:44 | Queue | Trade Cart |
| 23:45 | Research | Horse Collar |
| 23:47 | Queue | Villager (Male) |
| 23:57 | Queue | Archer |
| 23:57 | Queue | Militia |
| 24:28 | Queue | Archer |
| 24:29 | Queue | Militia |
| 24:30 | Queue | Villager (Male) |
| 24:41 | Queue | Militia |
| 24:42 | Queue | Villager (Male) |
| 24:49 | Build | Farm |
| 24:49 | Build | Farm |
| 25:01 | Queue | Militia |
| 25:14 | Build | House |
| 25:15 | Build | House |
Build order — TahRibat
First 150 of 309 actions detected
| 0:00 | Queue | Villager (Male) |
| 0:01 | Build | House |
| 0:03 | Build | House |
| 0:05 | Queue | Villager (Male) |
| 0:14 | Queue | Villager (Male) |
| 0:14 | Queue | Villager (Male) |
| 0:14 | Queue | Villager (Male) |
| 1:29 | Queue | Villager (Male) |
| 2:02 | Build | Lumber Camp |
| 2:07 | Queue | Villager (Male) |
| 2:09 | Queue | Villager (Male) |
| 2:38 | Queue | Villager (Male) |
| 3:10 | Build | House |
| 3:13 | Build | House |
| 3:16 | Queue | Villager (Male) |
| 3:41 | Queue | Villager (Male) |
| 4:09 | Queue | Villager (Male) |
| 4:20 | Queue | Villager (Male) |
| 4:57 | Queue | Villager (Male) |
| 5:34 | Queue | Villager (Male) |
| 5:34 | Queue | Villager (Male) |
| 6:09 | Queue | Villager (Male) |
| 6:19 | Build | Mill |
| 6:27 | Queue | Villager (Male) |
| 6:58 | Build | Barracks |
| 7:01 | Queue | Villager (Male) |
| 7:27 | Build | Mining Camp |
| 7:44 | Queue | Villager (Male) |
| 8:03 | Research | Feudal Age |
| 8:15 | Queue | Militia |
| 8:15 | Queue | Militia |
| 9:01 | Queue | Militia |
| 9:01 | Queue | Militia |
| 9:09 | Queue | Militia |
| 9:09 | Queue | Militia |
| 9:22 | Build | House |
| 9:23 | Build | House |
| 9:24 | Build | House |
| 9:43 | Build | House |
| 9:47 | Queue | Militia |
| 9:47 | Queue | Militia |
| 10:03 | Queue | Villager (Male) |
| 10:03 | Queue | Villager (Male) |
| 10:19 | Age | Feudal Age |
| 10:22 | Research | Man-at-Arms (upgrade) |
| 10:24 | Queue | Villager (Male) |
| 11:05 | Build | House |
| 11:06 | Build | House |
| 11:07 | Build | House |
| 11:12 | Queue | Villager (Male) |
| 11:22 | Build | Lumber Camp |
| 11:30 | Queue | Villager (Male) |
| 11:35 | Build | Blacksmith |
| 12:01 | Queue | Villager (Male) |
| 12:12 | Queue | Militia |
| 12:12 | Queue | Militia |
| 12:29 | Build | Farm |
| 12:30 | Build | Farm |
| 12:31 | Build | Farm |
| 12:38 | Queue | Militia |
| 12:38 | Queue | Militia |
| 12:41 | Research | Loom |
| 13:00 | Build | Farm |
| 13:05 | Build | Farm |
| 13:06 | Build | Farm |
| 13:29 | Queue | Villager (Male) |
| 13:29 | Queue | Villager (Male) |
| 13:52 | Queue | Villager (Male) |
| 14:02 | Build | Farm |
| 14:14 | Build | Farm |
| 14:15 | Build | Farm |
| 14:16 | Build | Farm |
| 14:17 | Queue | Villager (Male) |
| 14:33 | Queue | Militia |
| 14:34 | Queue | Militia |
| 14:39 | Build | Farm |
| 14:40 | Build | Farm |
| 14:48 | Queue | Militia |
| 14:48 | Queue | Militia |
| 14:51 | Queue | Villager (Male) |
| 14:58 | Build | Watch Tower |
| 15:15 | Queue | Villager (Male) |
| 15:21 | Queue | Villager (Male) |
| 15:24 | Build | Lumber Camp |
| 16:05 | Queue | Militia |
| 16:05 | Queue | Militia |
| 16:05 | Queue | Militia |
| 16:20 | Queue | Villager (Male) |
| 16:32 | Build | Farm |
| 16:36 | Research | Scale Mail Armor |
| 16:38 | Queue | Villager (Male) |
| 16:41 | Build | Farm |
| 16:42 | Build | Farm |
| 16:49 | Build | Farm |
| 16:57 | Build | Farm |
| 17:00 | Queue | Militia |
| 17:06 | Build | Farm |
| 17:08 | Queue | Villager (Male) |
| 17:24 | Build | Farm |
| 17:43 | Queue | Villager (Male) |
| 17:43 | Queue | Villager (Male) |
| 17:48 | Build | Farm |
| 17:52 | Build | Farm |
| 18:16 | Queue | Villager (Male) |
| 18:31 | Queue | Villager (Male) |
| 18:53 | Research | Double-Bit Axe |
| 18:59 | Queue | Villager (Male) |
| 19:03 | Build | Farm |
| 19:22 | Build | Archery Range |
| 19:24 | Build | House |
| 19:28 | Build | House |
| 19:32 | Queue | Militia |
| 19:32 | Queue | Militia |
| 19:32 | Queue | Militia |
| 19:32 | Queue | Militia |
| 19:34 | Queue | Villager (Male) |
| 19:37 | Build | Farm |
| 19:40 | Research | Fletching |
| 19:44 | Queue | Villager (Male) |
| 20:18 | Queue | Skirmisher |
| 20:19 | Queue | Skirmisher |
| 20:19 | Queue | Skirmisher |
| 20:46 | Queue | Villager (Male) |
| 20:53 | Queue | Militia |
| 20:53 | Queue | Militia |
| 21:09 | Queue | Villager (Male) |
| 21:12 | Build | Farm |
| 21:14 | Build | Farm |
| 21:29 | Queue | Militia |
| 21:34 | Queue | Skirmisher |
| 21:53 | Queue | Militia |
| 21:53 | Queue | Militia |
| 22:04 | Queue | Skirmisher |
| 22:04 | Queue | Skirmisher |
| 22:05 | Queue | Villager (Male) |
| 22:05 | Queue | Villager (Male) |
| 22:08 | Build | Farm |
| 22:09 | Build | Farm |
| 22:10 | Build | Farm |
| 22:11 | Build | Farm |
| 22:13 | Queue | Villager (Male) |
| 22:31 | Queue | Skirmisher |
| 22:31 | Queue | Skirmisher |
| 22:39 | Queue | Militia |
| 23:04 | Queue | Villager (Male) |
| 23:06 | Build | Farm |
| 23:06 | Build | Farm |
| 23:06 | Build | Farm |
| 23:38 | Research | Castle Age |
| 24:33 | Queue | Villager (Male) |
Match timeline
| 5:01 | Mister Piccolo · first_building Barracks |
| 6:58 | TahRibat · first_building Barracks |
| 10:19 | TahRibat · age_up feudal |
| 11:21 | Mister Piccolo · age_up feudal |
| 11:28 | Mister Piccolo · first_building Archery Range |
| 19:22 | TahRibat · first_building Archery Range |
| 26:25 | TahRibat · age_up castle |
| 27:21 | Mister Piccolo · first_building Stable |
| 28:12 | Mister Piccolo · first_market_buy 100 wood |
| 29:32 | Mister Piccolo · wall_segment Palisade Wall x9 |
| 29:54 | Mister Piccolo · age_up castle |
| 38:43 | Mister Piccolo · first_building Monastery |
| 38:46 | Mister Piccolo · first_market_sell 100 food |
| 42:17 | Mister Piccolo · first_building Castle |
| 43:08 | Mister Piccolo · age_up imperial |
| 43:28 | TahRibat · first_building Siege Workshop |
| 43:59 | TahRibat · resign |
[ AI ANALYSIS · 1 CREDIT ]
What really happened in this match?
Wolo.gg analyzes every decision: build order, eco, micro, common mistakes by bracket. Personalized analysis on WhatsApp or Discord in 30 seconds.
Civ guide
Goths
Perfil
Jugador #2249013